 Dungeon Crawl Stone Soup version 0.25-a0-875-geaba134f46 (webtiles) character file.

Game seed: 5488907802107438374, levelgen mode: classic

37 EnegeticOcto the Shield-Bearer (level 3, -3/26 HPs)
             Began as an Octopode Fighter on May 1, 2020.
             Slain by a worm (6 damage)
             ... on level 2 of the Dungeon.
             The game lasted 00:00:30 (1087 turns).

EnegeticOcto the Shield-Bearer (Octopode Fighter)   Turns: 1087, Time: 00:00:31

Health: -3/26      AC:  1    Str: 16    XL:     3   Next: 41%
Magic:  3/3        EV: 11    Int: 10    God:
Gold:   96         SH:  8    Dex: 11    Spells: 2/2 levels left

rFire    . . .     SeeInvis .   a - +0 long sword
rCold    . . .     Gourm    .   b - +0 kite shield
rNeg     . . .     Faith    .   (helmet restricted)
rPois    .         Spirit   .   (no amulet)
rElec    .         Reflect  .   (no ring)
rCorr    .         Harm     .   (no ring)
MR       .....                  (no ring)
Stlth    ++........             (no ring)
HPRegen  0.08/turn              (no ring)
MPRegen  0.08/turn              (no ring)
                                (no ring)
                                (no ring)

@: no status effects
A: almost no armour, stealthy swim, amphibious, 8 rings, constrict 8, camouflage
1, gelatinous body 1
a: no special abilities


You were on level 2 of the Dungeon.
You were not hungry.

You visited 1 branch of the dungeon, and saw 2 of its levels.

You collected 96 gold pieces.

Inventory:

Hand Weapons
 a - a +0 long sword (weapon)
Armour
 b - a +0 kite shield (worn)
Scrolls
 c - a scroll of magic mapping {unknown}
 d - 3 scrolls of remove curse {unknown}
 f - 2 scrolls of identify {unknown}
 g - a scroll of enchant armour {unknown}
 h - a scroll of amnesia {unknown}
Potions
 i - a potion of flight {unknown}
 k - a potion of might {@q3}
 l - a potion of degeneration {unknown}
 m - 2 potions of brilliance {unknown}
Comestibles
 e - 2 rations
 j - 10 chunks of flesh


   Skills:
 + Level 3.3 Fighting
 * Level 3.0 Long Blades
 - Level 3.0 Dodging
 + Level 3.3 Shields


You had 2 spell levels left.
You didn't know any spells.
Your spell library was empty.

Dungeon Overview and Level Annotations

Branches:
Dungeon (2/15)

Altars:
Nemelex Xobeh
The Shining One


Innate Abilities, Weirdness & Mutations

You cannot wear most types of armour.
You are very stealthy in the water. (Stealth+)
You are amphibious.
You can wear up to eight rings at the same time.
You can use your tentacles to constrict eight enemies at once.
Your skin changes colour to match your surroundings (Stealth+).
Your rubbery body absorbs attacks. (AC +1, EV +1)


Message History

No target in view!
The rat is too close now for your liking.
A rat is nearby!
A rat is nearby!
A rat is nearby!
A rat is nearby!
You hit the rat. You grab the rat.
The rat is heavily wounded.
You constrict the rat, but do no damage.
The rat closely misses you. The rat bites you.
Some of the chunks of flesh in your inventory have rotted away.
You barely miss the rat. You squeeze the rat.
You kill the rat!
No target in view!
No target in view!
No target in view!
No target in view!
No target in view!
No target in view!
No target in view!
You now have 96 gold pieces (gained 4).
You butcher the rat corpse.
j - 11 chunks of flesh (gained 1)
You see here a rat skeleton. x2
Eating one of 11 chunks of flesh.
You eat one of the 11 chunks of flesh.
This raw flesh tastes terrible.
You see here a rat skeleton.
A leopard gecko comes into view.
A leopard gecko is nearby!
A leopard gecko is nearby!
A rat comes into view.
Found 17 bolts.
A rat is nearby!
A kobold comes into view. It is wielding a +0 whip.
The kobold shouts!
The kobold throws a stone.
You block the stone.
The kobold throws a stone.
The stone hits you but does no damage.
A worm comes into view.
Things that are here:
a stone; 17 bolts The kobold throws a stone.
You block the stone.
You see here a stone.
You block the kobold's attack.
The leopard gecko hisses angrily.
You closely miss the leopard gecko. Your grab misses the leopard gecko.
You block the kobold's attack.
The leopard gecko bites you but does no damage.
The kobold barely misses you.
You hit the leopard gecko. Your grab misses the leopard gecko.
The leopard gecko is severely wounded.
The leopard gecko bites you. The kobold closely misses you.
The leopard gecko barely misses you.
You miss the leopard gecko. You grab the leopard gecko.
The leopard gecko is severely wounded.
You constrict the leopard gecko.
You kill the leopard gecko!
You block the kobold's attack.
You hit the worm. You grab the worm.
The worm is lightly wounded.
You constrict the worm. You block the kobold's attack.
You block the rat's attack. The kobold hits you with a +0 whip!
The worm bites you!
* * * LOW HITPOINT WARNING * * *
You are too injured to fight recklessly!
There are monsters nearby!
There are monsters nearby!
There are monsters nearby!
There are monsters nearby!
There are monsters nearby!
You are too injured to fight recklessly!
You are too injured to fight recklessly!
You are too injured to fight recklessly!
You are too injured to fight recklessly!
You are too injured to fight recklessly!
You are too injured to fight recklessly!
You are too injured to fight recklessly!
You are too injured to fight recklessly!
You are too injured to fight recklessly!
You are too injured to fight recklessly!
There are monsters nearby!
There are monsters nearby!
There are monsters nearby!
There are monsters nearby!
There are monsters nearby!
You are too injured to fight recklessly!
You are too injured to fight recklessly!
You are too injured to fight recklessly!
You are too injured to fight recklessly!
You are too injured to fight recklessly!
You release your grip on the worm.
You hit the rat.
You kill the rat!
You slash the kobold!
You kill the kobold!
Things that are here:
a +0 whip; a kobold corpse You hit the worm.
You grab the worm.
The worm is lightly wounded.
You constrict the worm. The worm bites you.
You die...

#.....###.##### #..##
#.....# #.## ####.##
#...#.###..# #......
#......###.###..(#####
#..((......# #
#.####.##...# # #.#
#.# ...# # #w# #.#
#...... #@# #.# ####.
#.# #r. #. #.# ... ##
#.# ### #.# # #.# .
#.. . #.# ..#


You could see a worm.

Vanquished Creatures
  A leopard gecko (D:2)
  A giant cockroach (D:2)
  2 hobgoblins
  2 jackals (D:1)
  7 kobolds
  A ball python (D:1)
  4 bats
  3 frilled lizards
  8 goblins
  9 rats
38 creatures vanquished.

Notes
Turn   | Place    | Note
-------+----------+-------------------------------------------
     0 | D:1      | EnegeticOcto the Octopode Fighter began the quest for the
                  | Orb.
     0 | D:1      | Reached XP level 1. HP: 16/16 MP: 1/1
   102 | D:1      | Reached XP level 2. HP: 16/21 MP: 2/2
   286 | D:1      | Found a glowing golden altar of the Shining One.
   737 | D:2      | Reached XP level 3. HP: 26/26 MP: 3/3
   824 | D:2      | Found a sparkling altar of Nemelex Xobeh.
  1087 | D:2      | Slain by a worm

Levels and vault maps discovered:
D:1:      dpeg_arrival_radiant, layout_basic, tso_metal_star
D:2:      layout_rooms, nemelex_altar_shiori, minivault_5

Skill      XL: |  1  2  3 |
---------------+----------+-----
Long Blades    | 3 |  3.0
Fighting       | |  3.3
Dodging        | |  3.0
Shields        | |  3.3

Action                   || total
-------------------------++-------
Melee: Long sword        ||    59
       Constrict         ||    20
       Tentacles         ||    11
 Stab: Sleeping          ||     3
  Eat: Chunk             ||     1
Armor: Skin              ||    10
Dodge: Dodged            ||    18
Block: Kite shield       ||    29
       Rpst.: Long sword ||     3

Table legend:
 A = Non-vault XP
 B = Vault XP
 C = Vault XP percentage of total XP
 D = Non-vault monster count
 E = Vault monster count
 F = Vault count percentage of total count
                 A         B        C        D         E       F
            +---------+---------+-------+---------+---------+-------
      Total |      54 |       0 |   0.0 |      38 |       0 |   0.0
            +---------+---------+-------+---------+---------+-------
        D:1 |      30 |       0 |   0.0 |      21 |       0 |   0.0
        D:2 |      24 |       0 |   0.0 |      17 |       0 |   0.0
            +---------+---------+-------+---------+---------+-------
